 Dungeon Crawl Stone Soup version 0.19.4-10-g532645f (webtiles) character file.

204549 LORDOFBUTT the Tortoise (level 18, -7/120 HPs)
             Began as a Gargoyle Fighter on Feb 22, 2017.
             Was an Initiate of Gozag.
             Mangled by a four-headed hydra (10 damage)
             ... on level 4 of the Swamp on Feb 23, 2017.
             The game lasted 01:21:41 (32032 turns).

LORDOFBUTT the Tortoise (Gargoyle Fighter)         Turns: 32032, Time: 01:21:42

Health: -7/120     AC: 31    Str: 19 (21) XL:     18   Next: 65%
Magic:  26/26      EV: 18    Int:  3 (4)  God:    Gozag
Gold:   2621       SH: 21    Dex: 29      Spells: 1 memorised, 15 levels left

rFire  + + .     SeeInvis .     D - +4 flail (protect)
rCold  + . .     Gourm    .     I - +1 scale mail of Baldness {MR+ Int-2 Slay+3} (curse)
rNeg   + . .     Faith    .     c - +1 shield
rPois  ∞         Spirit   .     n - +1 hat of Zuygh {rC- Int-4 Dex+7}
rElec  +         Reflect  +     a - +2 cloak {rC+}
rCorr  +         Harm     .     C - +0 pair of gloves
MR     ++...                    (no boots)
Stlth  ++........               E - +5 amulet of reflection
                                X - +2 ring of slaying
                                o - +3 ring of evasion

@: agile, resistant, flying, very slightly contaminated, invisible
A: big wings, horns 1, agile 1, blink, deterioration 1, fire resistance 1,
negative energy resistance 1, electricity resistance, unbreathing, petrification
resistance, rot immunity, AC +13
a: Stop Flying, Blink, Potion Petition, Call Merchant, Bribe Branch, Renounce
Religion
}: 1/15 runes: serpentine


You were on level 4 of the Swamp.
You worshipped Gozag.
Gozag was most pleased with you.
You were not hungry.

You visited 4 branches of the dungeon, and saw 26 of its levels.
You visited the Abyss 1 time.
You also visited: Ossuary and Ice Cave.

You collected 10921 gold pieces.
You spent 1810 gold pieces at shops.
You paid 6490 gold pieces to Gozag.

Inventory:

Hand Weapons
 k - a +3 flail of holy wrath
 D - a +4 flail of protection (weapon)
Armour
 a - a +2 cloak of cold resistance (worn)
 c - a +1 shield (worn)
 n - the +1 hat of Zuygh (worn) {rC- Int-4 Dex+7}
   (You bought it in a shop on level 4 of the Snake Pit)

   It affects your intelligence (-4).
   It affects your dexterity (+7).
   It makes you vulnerable to cold.
 z - a +1 crystal plate armour of cold resistance
 C - a +0 pair of gloves (worn)
 I - the cursed +1 scale mail of Baldness (worn) {MR+ Int-2 Slay+3}
   (You found it on level 2 of the Abyss)

   It affects your intelligence (-2).
   It affects your accuracy and damage with ranged weapons and melee attacks
   (+3).
   It affects your resistance to hostile enchantments.
   It has a curse placed upon it.
 K - the +1 ring mail "Ysemuza" {rF- rCorr Str+8 Slay+3}
   (You bought it in a shop on level 3 of the Snake Pit)

   It affects your strength (+8).
   It affects your accuracy and damage with ranged weapons and melee attacks
   (+3).
   It makes you vulnerable to fire.
   It protects you from acid and corrosion.
Jewellery
 j - a cursed amulet of inaccuracy {unknown}
 o - a +3 ring of evasion (left hand)
 w - an uncursed ring of protection from magic
 B - an uncursed ring of see invisible
 E - a +5 amulet of reflection (around neck)
 G - an uncursed ring of magical power
 X - a +2 ring of slaying (right hand)
 Z - a +5 ring of dexterity
Wands
 v - a wand of confusion (47/48)
 y - a wand of iceblast (7/15)
 P - a wand of digging (22/24)
Scrolls
 e - 8 scrolls of remove curse
 h - a scroll of identify
 i - a scroll of recharging
 l - 5 scrolls of teleportation
 m - 2 scrolls of fog
 r - 9 scrolls of magic mapping
 s - a scroll of summoning
 t - 3 scrolls of amnesia
 O - 3 scrolls of fear
Potions
 p - 10 potions of curing
 u - 9 potions of agility
 x - a potion of flight
 A - 5 potions of magic
 J - 5 potions of brilliance
 N - a potion of resistance
 R - 2 potions of ambrosia
 Y - a potion of cancellation
Books
 b - a book of Battle

   Spells                             Type                      Level
   a - Infusion                       Charms                       1
   b - Shroud of Golubria             Charms/Translocation         2
   c - Song of Slaying                Charms                       2
   d - Spectral Weapon                Hexes/Charms                 3
   e - Regeneration                   Charms/Necromancy            3
 d - a Young Poisoner's Handbook

   Spells                             Type                      Level
   a - Sting                          Conjuration/Poison           1
   b - Mephitic Cloud                 Conjuration/Poison/Air       3
   c - Olgreb's Toxic Radiance        Poison                       4
   d - Alistair's Intoxication        Transmutation/Poison         5
   e - Venom Bolt                     Conjuration/Poison           5
 g - a book of Clouds

   Spells                             Type                      Level
   a - Mephitic Cloud                 Conjuration/Poison/Air       3
   b - Conjure Flame                  Conjuration/Fire             3
   c - Poisonous Cloud                Conjuration/Poison/Air       6
   d - Freezing Cloud                 Conjuration/Ice/Air          6
   e - Ring of Flames                 Charms/Fire                  7
 F - a book of Necromancy

   Spells                             Type                      Level
   a - Pain                           Necromancy                   1
   b - Animate Skeleton               Necromancy                   1
   c - Vampiric Draining              Necromancy                   3
   d - Regeneration                   Charms/Necromancy            3
   e - Animate Dead                   Necromancy                   4
   f - Control Undead                 Necromancy                   4
 L - a book of Fire

   Spells                             Type                      Level
   a - Ignite Poison                  Fire/Transmutation/Poison    3
   b - Fireball                       Conjuration/Fire             5
   c - Bolt of Fire                   Conjuration/Fire             6
   d - Delayed Fireball               Conjuration/Fire             7
   e - Ring of Flames                 Charms/Fire                  7
 M - a book of the Earth

   Spells                             Type                      Level
   a - Leda's Liquefaction            Hexes/Earth                  4
   b - Bolt of Magma                  Conjuration/Fire/Earth       5
   c - Statue Form                    Transmutation/Earth          6
   d - Iron Shot                      Conjuration/Earth            6
   e - Shatter                        Earth                        9
 Q - a book of Dreams

   Spells                             Type                      Level
   a - Ensorcelled Hibernation        Hexes/Ice                    2
   b - Silence                        Hexes/Air                    5
   c - Darkness                       Hexes                        6
   d - Shadow Creatures               Summoning                    6
 T - a book of Burglary

   Spells                             Type                      Level
   a - Swiftness                      Charms/Air                   2
   b - Passwall                       Transmutation/Earth          2
   c - Passage of Golubria            Translocation                4
   d - Lee's Rapid Deconstruction     Earth                        5
   e - Darkness                       Hexes                        6
   f - Invisibility                   Hexes                        6
 U - a book of the Sky

   Spells                             Type                      Level
   a - Summon Lightning Spire         Summoning/Air                4
   b - Airstrike                      Air                          4
   c - Silence                        Hexes/Air                    5
   d - Deflect Missiles               Charms/Air                   6
   e - Conjure Ball Lightning         Conjuration/Air              6
   f - Tornado                        Air                          9
 V - a book of Minor Magic

   Spells                             Type                      Level
   a - Magic Dart                     Conjuration                  1
   b - Blink                          Translocation                2
   c - Call Imp                       Summoning                    2
   d - Repel Missiles                 Charms/Air                   2
   e - Slow                           Hexes                        2
   f - Conjure Flame                  Conjuration/Fire             3
   g - Mephitic Cloud                 Conjuration/Poison/Air       3
Miscellaneous
 H - a disc of storms
Comestibles
 f - 9 bread rations
 q - 12 royal jellies
 S - a beef jerky


   Skills:
 + Level 16.2 Fighting
 - Level 15.8 Maces & Flails
 * Level 18.1 Armour
 - Level 15.2 Shields
 - Level 0.3 Spellcasting
 * Level 10.9 Evocations


You had 15 spell levels left.
You knew the following spells:

 Your Spells              Type           Power        Failure   Level  Hunger
a - Call Imp              Summ           #.......     99%         2    ###....


Dungeon Overview and Level Annotations

Branches:
Dungeon (12/15)            Temple (0/1) D:7            Lair (6/6) D:8
  Swamp (4/4) Lair:4        Snake (4/4) Lair:2        Slime (0/5) Lair:5
    Orc (0/2) D:9

Altars:
Fedhas
Gozag
Kikubaaqudgha
Makhleb
Nemelex Xobeh
Okawaru
Qazlal
Uskayaw
Vehumet
Xom
Yredelemnul
Zin
Jiyva

Shops:
D:6 !   D:7 (   D:9 %}[*(   Lair:4 (*   Snake:3 [?[   Snake:4 ?[


Innate Abilities, Weirdness & Mutations

You are resistant to torment.
Your stone body is resilient. (AC +13)
You are immune to poison.
Your large and strong wings let you fly indefinitely.
You resist negative energy. (rN+)
You are resistant to electric shocks. (rElec)
You can survive without breathing.
You are immune to petrification.
You are immune to rotting.
You have a pair of small horns on your head.
You are agile. (Dex +2)
You can translocate small distances at will.
Your body sometimes deteriorates upon taking damage.
Your flesh is heat resistant. (rF+)


Message History

You block the seven-headed hydra's attack. x3
The seven-headed hydra barely misses you.
You block the seven-headed hydra's attack.
The seven-headed hydra completely misses you.
The seven-headed hydra misses you.
The thorn hunter gestures.
Thorny briars emerge from the ground!
The five-headed hydra is no longer distracted by gold.
You block the four-headed hydra's attack. x2
The four-headed hydra bites you but does no damage.
You block the four-headed hydra's attack.
The four-headed hydra bites you but does no damage.
You block the four-headed hydra's attack.
The four-headed hydra misses you.
The four-headed hydra bites you but does no damage.
The seven-headed hydra roars!
The four-headed hydra closely misses you.
The four-headed hydra misses you. The four-headed hydra bites you!
You die...
Your body crumbles into a pile of gold.

≈,≈≈***≈≈**≈≈*≈≈≈≈,≈≈*..#,≈≈*
♣♣≈ ,≈≈≈*
*≈,,*$.#*≈,≈≈≈*#≈≈#≈,** ♣≈
***** **≈,*#.≈#*,,,*#..#*≈≈*
♣≈ *,≈**#..#####≈≈#*,≈,** ♣)
*≈≈≈**#≈≈♣≈≈≈.#*≈≈≈≈≈** ♣.
**≈,≈≈**#PP♣PP#*,,,,≈,≈* ♣.
*≈,≈,,,**#PPP##**≈,≈≈≈** ♣.
*≈,≈,≈** #.$.# **,$$**♣♣♣.
**$,,** #@..# ****#♣♣≈.≈
***** ♣♣D≈.♣♣♣♣♣♣♣♣♣..≈.≈
♣♣♣♣ ♣≈D...≈≈♣♣.≈♣♣≈≈.≈≈
♣..♣♣ ♣≈f.≈..§≈≈...≈≈≈≈.≈
♣♣..♣♣♣D......≈≈.≈.≈≈≈≈..
♣♣≈.kDD.≈≈≈....≈♣.≈≈....
♣≈≈≈≈k.♣§♣♣♣♣≈≈§♣♣.....♣
♣♣≈≈≈≈≈♣♣♣ ♣♣♣♣♣♣♣..♣♣♣
♣♣♣♣♣♣♣ ♣♣♣♣


You could see a thorn hunter, 2 seven-headed hydras, a five-headed hydra, a
four-headed hydra, a swamp dragon and a swamp drake.

Vanquished Creatures
  Vashnia (Snake:4)
  Nikola (Snake:2)
  A tentacled starspawn (Abyss:2)
  A thorn hunter (Swamp:4)
  Donald (Swamp:1)
  Kirke (Lair:6)
  7 nagarajas
  Roxanne (Swamp:1)
  Aizul (Swamp:2)
  A very ugly thing (Swamp:3)
  A dire elephant (Lair:6)
  The ghost of Firecrotchwizard the Carver, a journeyman MiBe of Trog (Lair:1)
  Josephine (Swamp:1)
  22 hydras
  A merfolk avatar (Lair:6)
  16 anacondas
  A catoblepas (Lair:6)
  23 naga warriors
  9 alligators
  7 death yaks
  9 shock serpents
  A spriggan berserker (Swamp:4)
  7 naga sharpshooters
  The ghost of Sin92 the Carver, a novice MiFi of Okawaru (D:9)
  A sixfirhy (Abyss:2)
  3 salamander mystics (Snake:4)
  9 sea snakes
  3 spriggan druids (Swamp:4)
  3 swamp dragons
  A necromancer (Lair:6)
  2 shambling mangroves
  2 hill giants
  10 naga ritualists
  2 large abominations (Abyss:2)
  A harpy (Lair:6)
  2 ugly things
  A deep elf mage (D:11)
  12 mana vipers
  3 slime creatures (Swamp:4)
  A worldbinder (Abyss:2)
  7 salamanders
  3 elephants (Lair:6)
  2 ice statues (IceCv)
  11 naga magi
  A smoke demon (Abyss:2)
  46 black mambas
  A gargoyle (D:12)
  7 guardian serpents
  A torpor snail (Lair:6)
  20 spiny frogs
  A kobold demonologist (Abyss:2)
  11 komodo dragons
  8 rime drakes
  5 ice devils (IceCv)
  2 ancient zymes (Abyss:2)
  5 polar bears
  3 wind drakes (Lair:6)
  A queen bee (Lair:5)
  3 meliai (Lair:5)
  A tyrant leech (Swamp:1)
  7 bog bodies
  9 hornets
  17 blink frogs
  3 raiju (Abyss:2)
  7 dream sheep (Lair:6)
  A two-headed ogre (D:9)
  8 hippogriffs
  7 spriggans
  42 yaks
  The ghost of Daunt the Chopper, an amateur HOMo (Ossuary)
  A vampire (D:10)
  4 wyverns
  2 hogs (Lair:6)
  5 wraiths (Swamp:1)
  A neqoxec (Abyss:2)
  3 basilisks
  A hungry ghost (D:10)
  5 vampire mosquitoes
  14 swamp worms
  17 insubstantial wisps
  2 hell hounds (D:8)
  53 nagas
  15 water moccasins
  A hornet zombie (D:5)
  11 porcupines
  6 orc warriors
  4 sky beasts
  5 ice beasts
  3 black bears
  4 swamp drakes
  The ghost of SamTheNyx the Covert, an amateur NaAs (D:3)
  7 wolves (Lair:4)
  10 ogres
  A phantom (D:9)
  4 centaurs
  13 crocodiles
  2 elf zombies (Ossuary)
  2 big kobolds
  23 bullfrogs
  A water moccasin zombie (D:8)
  2 scorpions
  2 small abominations (Abyss:2)
  23 killer bees
  6 wights
  4 crimson imps
  4 howler monkeys
  4 jellies
  A bullfrog skeleton (D:10)
  2 bullfrog zombies
  3 centaur zombies
  A quasit (D:4)
  5 hounds
  3 human zombies (Ossuary)
  5 orc priests
  14 orc wizards
  Crazy Yiuf (D:3)
  2 centaur skeletons (D:9)
  An iron imp (Abyss:2)
  2 iguanas
  2 polar bear simulacra (Lair:6)
  2 yak simulacra (Lair:6)
  10 worker ants
  4 wolf simulacra (Lair:6)
  A killer bee zombie (D:7)
  2 big kobold zombies (Ossuary)
  2 mummies (Ossuary)
  A howler monkey zombie (D:11)
  A worker ant zombie (D:7)
  7 gnolls
  10 adders
  3 shadow imps
  12 white imps
  6 ufetubi (IceCv)
  2 oozes
  2 adder skeletons
  4 adder zombies
  3 worms
  A dart slug (D:1)
  5 leopard geckos
  38 orcs
  3 ball pythons
  3 giant cockroaches
  8 goblins
  7 hobgoblins
  17 kobolds
  5 quokkas
  8 bats
  16 frilled lizards
  A goblin zombie (Ossuary)
  11 hobgoblin zombies (Ossuary)
  A jackal skeleton (D:5)
  5 kobold zombies (Ossuary)
  A leopard gecko skeleton (D:7)
  A leopard gecko zombie (D:8)
  10 orc zombies (Ossuary)
  A quokka zombie (D:10)
  2 rats
  2 rat zombies (Ossuary)
  3 river rat simulacra (Lair:6)
  2 briar patches (Swamp:4)
  5 fungi
949 creatures vanquished.

Vanquished Creatures (others)
  A reaper (IceCv)
  2 naga warriors
  A spriggan berserker (Swamp:4)
  3 naga sharpshooters
  A salamander (Snake:1)
  2 naga magi
  A cyclops (D:11)
  3 black mambas
  3 guardian serpents
  A yak (Lair:6)
  A human (Lair:6)
  4 nagas
  2 white imps (IceCv)
  2 ufetubi (IceCv)
  2 orcs (D:7)
  A kobold (D:11)
  3 briar patches (Swamp:4)
  9 fungi
  14 plants
  7 starspawn tentacles (Abyss:2)
63 creatures vanquished.

Grand Total: 1012 creatures vanquished

Notes
Turn   | Place    | Note
-------+----------+-------------------------------------------
     0 | D:1      | LORDOFBUTT the Gargoyle Fighter began the quest for the Orb.
     0 | D:1      | Reached XP level 1. HP: 14/14 MP: 1/1
   114 | D:1      | Reached XP level 2. HP: 12/19 MP: 2/2
   421 | D:1      | Reached XP level 3. HP: 23/23 MP: 3/3
  1176 | D:2      | Found a basalt altar of Yredelemnul.
  1241 | D:2      | Reached XP level 4. HP: 28/29 MP: 4/4
  1253 | D:2      | Found a burning altar of Makhleb.
  1550 | D:3      | Found a runed door.
  1683 | D:3      | Found a hide-covered altar of Uskayaw.
  1809 | D:3      | Noticed SamTheNyx's ghost (amateur NaAs)
  1828 | D:3      | Killed SamTheNyx's ghost
  1828 | D:3      | Reached XP level 5. HP: 31/33 MP: 5/5
  2023 | D:3      | Noticed Crazy Yiuf
  2030 | D:3      | Killed Crazy Yiuf
  2030 | D:3      | Reached skill level 4 in Armour
  2129 | D:4      | Reached XP level 6. HP: 38/38 MP: 6/6
  2554 | D:4      | Reached skill level 5 in Maces & Flails
  2554 | D:4      | Reached XP level 7. HP: 19/44 MP: 7/7
  2563 | D:4      | HP: 2/44 [iguana (9)]
  2873 | D:4      | Reached skill level 5 in Shields
  3231 | D:5      | Entered Level 5 of the Dungeon
  3522 | D:5      | Found an opulent altar of Gozag.
  3541 | D:5      | Reached skill level 5 in Fighting
  3545 | D:5      | Gained mutation: You are agile. (Dex +2) [mutagenic meat]
  3546 | D:5      | Gained mutation: You are dopey. (Int -2) [mutagenic meat]
  3547 | D:5      | Gained mutation: You can translocate small distances at will. [mutagenic meat]
  3548 | D:5      | Gained mutation: Your body sometimes deteriorates upon taking damage. [mutagenic meat]
  3549 | D:5      | Lost mutation: You are dopey. (Int -2) [mutagenic meat]
  3552 | D:5      | Became a worshipper of Gozag Ym Sagoz the Greedy
  3581 | D:5      | Found a stormy altar of Qazlal.
  3582 | D:5      | Found a glowing silver altar of Zin.
  3582 | D:5      | Found an ancient bone altar of Kikubaaqudgha.
  3582 | D:5      | Found an iron altar of Okawaru.
  3724 | D:5      | Reached skill level 5 in Armour
  4542 | D:5      | Reached XP level 8. HP: 45/49 MP: 8/8
  4699 | D:6      | Found Suufuac's Distillery.
  4771 | D:6      | Found a stormy altar of Qazlal.
  5281 | D:6      | Found a radiant altar of Vehumet.
  5425 | D:6      | Reached skill level 6 in Armour
  5642 | D:6      | Found a blossoming altar of Fedhas.
  5885 | D:7      | Reached XP level 9. HP: 27/55 MP: 9/9
  6383 | D:7      | Found a staircase to the Ecumenical Temple.
  6471 | D:7      | Found Naviuvef's Weapon Boutique.
  6653 | D:8      | Found a staircase to the Lair.
  6712 | D:8      | Reached skill level 7 in Armour
  7105 | D:8      | Reached XP level 10. HP: 46/63 MP: 10/10
  7183 | D:8      | Found a sand-covered staircase.
  7187 | Ossuary  | Entered an ossuary
  7242 | Ossuary  | Noticed Daunt's ghost (amateur HOMo)
  7266 | Ossuary  | Killed Daunt's ghost
  7681 | D:8      | Found a sparkling altar of Nemelex Xobeh.
  7832 | D:9      | Found Coenages's Armour Shoppe.
  8082 | D:8      | Reached skill level 10 in Maces & Flails
  8082 | D:8      | Reached skill level 8 in Armour
  8543 | D:9      | Found Rioky's Gadget Emporium.
  8603 | D:9      | Found Bagof's General Store.
  8704 | D:9      | Found a staircase to the Orcish Mines.
  8723 | D:9      | Noticed Sin92's ghost (novice MiFi)
  8760 | D:9      | Killed Sin92's ghost
  8760 | D:9      | Reached XP level 11. HP: 31/69 MP: 11/11
  8990 | D:9      | Found Igyox's Food Emporium.
  9066 | D:9      | You fall through a shaft for 2 floors!
  9128 | D:10     | Entered Level 10 of the Dungeon
  9461 | D:9      | Found Amelep's Weapon Shop.
  9687 | D:10     | Reached skill level 9 in Armour
 10633 | D:11     | Noticed a cyan ugly thing
 10661 | D:11     | Killed a cyan ugly thing
 10833 | D:11     | Noticed a hill giant
 10862 | D:11     | Killed a hill giant
 11145 | D:11     | Noticed a deep elf mage
 11152 | D:11     | Killed a deep elf mage
 11327 | D:11     | Noticed a cyclops
 11328 | D:11     | Killed a cyclops
 11591 | D:12     | Found a frozen archway.
 11669 | IceCv    | Entered an ice cave
 11960 | IceCv    | Gained mutation: Your large and strong wings let you fly indefinitely. [potion of mutation]
 11960 | IceCv    | Gained mutation: Your flesh is heat resistant. (rF+) [potion of mutation]
 11960 | IceCv    | Gained mutation: You have a pair of small horns on your head. [potion of mutation]
 11979 | IceCv    | Killed a reaper
 11981 | IceCv    | Reached XP level 12. HP: 67/77 MP: 12/12
 12637 | IceCv    | Reached skill level 10 in Shields
 12651 | IceCv    | Reached skill level 10 in Armour
 12796 | IceCv    | HP: 1/77 [something (9)]
 13821 | D:12     | Reached skill level 10 in Fighting
 14121 | Lair:1   | Entered Level 1 of the Lair of Beasts
 14274 | Lair:1   | Noticed Firecrotchwizard's ghost (journeyman MiBe)
 14308 | Lair:1   | Killed Firecrotchwizard's ghost
 14445 | Lair:1   | You fall through a shaft!
 15376 | Lair:2   | Found a staircase to the Snake Pit.
 16565 | Lair:3   | Reached XP level 13. HP: 84/84 MP: 13/13
 16857 | Lair:4   | Reached skill level 11 in Armour
 17644 | Lair:4   | Found a staircase to the Swamp.
 19152 | Lair:5   | Found a viscous altar of Jiyva.
 19153 | Lair:5   | Found a staircase to the Slime Pits.
 19224 | Lair:6   | Entered Level 6 of the Lair of Beasts
 19269 | Lair:6   | Mutation became permanent: Your large and strong wings let you fly indefinitely. [Gargoyle growth]
 19269 | Lair:6   | Reached XP level 14. HP: 91/91 MP: 14/14
 19341 | Lair:6   | Noticed a dire elephant
 19369 | Lair:6   | Reached skill level 12 in Armour
 19373 | Lair:6   | Killed a dire elephant
 19373 | Lair:6   | Reached skill level 15 in Maces & Flails
 19603 | Lair:6   | Got a shimmering ivory ring
 19605 | Lair:6   | Identified the ring "Jeuqeot" {-Tele rN+ Int-3 Dex+7 Stlth+} (You found it on level 6 of the Lair of Beasts)
 20218 | Lair:6   | Noticed Kirke
 20236 | Lair:6   | Killed Kirke
 20921 | Snake:1  | Entered Level 1 of the Snake Pit
 20945 | Lair:2   | Reached XP level 15. HP: 83/97 MP: 15/15
 21043 | Snake:1  | Reached skill level 13 in Armour
 21215 | Snake:1  | Found a runed door.
 21982 | Snake:1  | Noticed a nagaraja
 22032 | Snake:1  | Killed a nagaraja
 22186 | Snake:2  | Noticed Nikola
 22220 | Snake:2  | Killed Nikola
 22814 | Snake:2  | Reached skill level 15 in Shields
 23311 | Snake:3  | Reached skill level 14 in Armour
 23317 | Snake:3  | Reached XP level 16. HP: 52/106 MP: 16/16
 23355 | Snake:3  | HP: 4/106 [shock serpent (4)]
 23367 | Snake:3  | HP: 5/106 [shock serpent/bolt of electricity (2)]
 23672 | Snake:3  | Reached skill level 1 in Evocations
 23733 | Snake:3  | Found Nacur's Antique Armour Shop.
 23737 | Snake:3  | Found Vuest's Magic Scroll Boutique.
 23738 | Snake:3  | Found Jacep's Armour Shop.
 23749 | Snake:3  | Bought a polished chain mail for 247 gold pieces
 23759 | Snake:3  | Identified the +5 chain mail "Veer" {Int+4} (You bought it in a shop on level 3 of the Snake Pit)
 23759 | Snake:3  | Bought a brightly glowing ring mail for 234 gold pieces
 23769 | Snake:3  | Identified the cursed +1 ring mail "Ysemuza" {rF- rCorr Str+8 Slay+3} (You bought it in a shop on level 3 of the Snake Pit)
 23880 | Snake:3  | Found an ancient bone altar of Kikubaaqudgha.
 24551 | Snake:4  | Entered Level 4 of the Snake Pit
 24801 | Snake:4  | Reached skill level 15 in Armour
 25217 | Snake:4  | Reached skill level 5 in Evocations
 25284 | Snake:4  | Found Ukluusch's Antique Armour Boutique.
 25284 | Snake:4  | Found Horeexapn's Magic Scroll Shop.
 25284 | Snake:4  | Noticed a nagaraja
 25288 | Snake:4  | Noticed a nagaraja
 25306 | Snake:4  | Killed a nagaraja
 25348 | Snake:4  | Learned a level 2 spell: Call Imp
 25365 | Snake:4  | Noticed a nagaraja
 25468 | Snake:4  | Noticed a nagaraja
 25481 | Snake:4  | Killed a nagaraja
 25671 | Snake:4  | Killed a nagaraja
 25815 | Snake:4  | Noticed Vashnia
 25882 | Snake:3  | Noticed a nagaraja
 25890 | Snake:3  | Killed a nagaraja
 26338 | Snake:4  | Killed a nagaraja
 26338 | Snake:4  | Reached XP level 17. HP: 89/112 MP: 21/21
 26426 | Snake:4  | Reached skill level 15 in Fighting
 26445 | Snake:4  | Reached skill level 16 in Armour
 26540 | Snake:4  | Killed Vashnia
 26780 | Snake:4  | Bought a bloodstained hat for 369 gold pieces
 26809 | Snake:4  | Identified the +1 hat of Zuygh {rC- Int-4 Dex+7} (You bought it in a shop on level 4 of the Snake Pit)
 27646 | Snake:4  | Got a serpentine rune of Zot
 27983 | Lair:4   | Bought an ichor-stained mace for 296 gold pieces
 27983 | Lair:4   | Identified the +2 mace "Musith" {crush, Int+2 SInv} (You bought it in a shop on level 4 of the Lair of Beasts)
 27987 | Lair:4   | Bought a runed flail for 313 gold pieces
 27992 | Lair:4   | Bought a runed flail for 351 gold pieces
 28038 | Swamp:1  | Entered Level 1 of the Swamp
 28051 | Swamp:1  | Noticed Donald
 28100 | Swamp:1  | Killed Donald
 28379 | Swamp:1  | Noticed Josephine
 28400 | Swamp:1  | Killed Josephine
 28417 | Swamp:1  | Reached skill level 17 in Armour
 28669 | Swamp:1  | Noticed Roxanne
 28722 | Swamp:1  | Killed Roxanne
 29348 | Swamp:2  | Noticed Aizul
 29391 | Swamp:2  | Killed Aizul
 29781 | Swamp:3  | Reached XP level 18. HP: 100/120 MP: 25/25
 29856 | Swamp:3  | Found a shimmering altar of Xom.
 30548 | Swamp:4  | Entered Level 4 of the Swamp
 30623 | Swamp:4  | Reached skill level 10 in Evocations
 30875 | Swamp:4  | Cast into level 2 of the Abyss (spriggan rider)
 31159 | Abyss:2  | Got a dazzling scale mail
 31170 | Abyss:2  | Identified the cursed +1 scale mail of Baldness {MR+ Int-2 Slay+3} (You found it on level 2 of the Abyss)
 31238 | Swamp:4  | Escaped the Abyss
 31551 | Swamp:4  | Reached skill level 18 in Armour
 32026 | Swamp:4  | HP: 1/120 [thorn hunter/volley of thorns (31)]
 32032 | Swamp:4  | Mangled by a four-headed hydra

Skill      XL: |  1  2  3  4  5  6  7  8  9 10 11 12 13 14 15 16 17 18 |
---------------+-------------------------------------------------------+-----
Maces & Flails | 3 4 5 7 9 10 12 13 14 15 | 15.8
Shields        | 4 5 6 7 8 9 10 12 13 15 | 15.2
Fighting       | 4 5 6 7 8 9 10 11 12 14 15 16 | 16.2
Armour         | 4 5 6 7 8 9 10 11 12 14 15 17 18 | 18.1
Evocations     | 6 9 10 | 10.9
Spellcasting   | |  0.3

Action                   |  1- 3 |  4- 6 |  7- 9 | 10-12 | 13-15 | 16-18 || total
-------------------------+-------+-------+-------+-------+-------+-------++-------
Melee: Flail             |   177 |   178 |   625 |  1450 |  1564 |  1976 ||  5970
       Headbutt          |       |       |       |   147 |   406 |   600 ||  1153
Invok: Potion Petition   |       |       |     1 |     1 |     2 |     5 ||     9
       Call Merchant     |       |       |       |       |       |     2 ||     2
 Abil: Blink             |       |       |     1 |     2 |     2 |     8 ||    13
Evoke: Wand              |       |       |       |       |     1 |     9 ||    10
       Disc of storms    |       |       |       |       |       |     2 ||     2
  Use: Scroll            |       |       |     7 |     5 |    24 |    18 ||    54
       Potion            |       |       |     3 |     6 |       |     3 ||    12
 Stab: Invisible         |       |       |     9 |     5 |       |       ||    14
       Distracted        |       |       |       |     3 |    13 |    17 ||    33
       Petrified         |       |       |       |       |     4 |       ||     4
       Confused          |       |       |       |       |       |     4 ||     4
  Eat: Chunk             |     1 |     3 |     9 |       |       |       ||    13
       Pizza             |       |     1 |       |       |     1 |     1 ||     3
       Bread ration      |       |       |     2 |     2 |       |     2 ||     6
       Beef jerky        |       |       |     1 |     1 |       |       ||     2
       Meat ration       |       |       |     1 |     4 |     3 |     4 ||    12
       Fruit             |       |       |       |     8 |     7 |     3 ||    18
Armor: Scale mail        |    93 |   106 |   321 |   420 |       |   109 ||  1049
       Crystal plate arm |       |       |       |   146 |   730 |   848 ||  1724
       Ring mail         |       |       |       |       |       |    15 ||    15
Dodge: Dodged            |    52 |    45 |   252 |   294 |   266 |   421 ||  1330
Block: Shield            |   104 |    74 |   393 |   876 |  1311 |  1898 ||  4656
       Reflection        |       |       |       |    27 |    42 |   145 ||   214
